AoeStats
← thebigmarvinski

Four Lakes

508969531Analyzed
1v1 RM · 8d ago on Sep 24, 2026· 36m 53s· 2 players
Game mode
Random Map
Map size
Tiny (2 player)
Population
200
Speed
Normal
Resources
Standard
Victory
Conquest
Starting age
Dark Age
Ending age
Imperial Age
RankedLock teamsTeams togetherTeam positionsShared explorationLock speedFull tech treeHidden civsTurbo modeCheats
Victory
Defeat
🇨🇱 Chinese · Chile
789
+15
🇬🇧 Goths · United Kingdom
762
-15
thebigmarvinski
8:35 Loom
10:21 Feudal Age
8:38 Loom
10:37 Man-at-Arms
11:32 Double-Bit Axe
17:41 Castle Age
17:45 Long Swordsman
19:16 Squires
19:35 Forging
19:25 Scale Mail Armor
21:18 Fishing Lines
25:20 Iron Casting
25:00 Chain Mail Armor
25:47 Wheelbarrow
25:28 Horse Collar
30:13 Fletching
30:24 Padded Archer Armor
31:56 Bodkin Arrow
33:08 Elite Skirmisher
34:51 Anarchy
LOCO MALDI
0:28 Loom
10:15 Feudal Age
11:24 Double-Bit Axe
13:43 Horse Collar
15:32 Gold Mining
19:08 Castle Age
18:04 Stone Mining
19:56 Fishing Lines
21:54 Fletching
24:00 Bodkin Arrow
25:14 Heavy Plow
25:26 Bow Saw
26:59 Padded Archer Armor
28:55 Ballistics
29:08 Leather Archer Armor
32:34 Imperial Age
32:13 Gold Shaft Mining
35:28 Chemistry
34:29 Bracer
35:00 Ring Archer Armor
38:07 Two-Man Saw
Connection lost

Rejoining the realm…

Still unreachable

The connection could not be restored.

Session expired

The server has moved on; the page needs a fresh start.